[Event "FIDE World Rapid Chess Championship 2021"]
[White "Sychev, Klementy"]
[Black "Alonso Rosell, Alvar"]
[WhiteFideId "4114060"]
[BlackFideId "2270544"]
[WhiteElo "2461"]
[BlackElo "2571"]
[Result "0-1"]
[Round "11"]
[TimeControl "900+10"]
[Date "2021.12.28"]
[WhiteClock "0:00:32"]
[BlackClock "0:00:04"]

1. d4 f5 2. Bg5 g6 3. Nc3 d5 4. e3 Bg7 5. h4 c6 6. Bd3 Qb6 7. Rb1 Nd7 8. Nf3 e5 9. dxe5 Nxe5 10. Nxe5 Bxe5 11. h5 Be6 12. Ne2 Qc7 13. Nd4 Bf7 14. b4 Qd6 15. Nf3 Bf6 16. Bf4 Qe7 17. Kf1 g5 18. Bg3 Nh6 19. c3 O-O 20. Qc2 Be6 21. Be5 Rae8 22. Re1 Bxe5 23. Nxe5 f4 24. exf4 gxf4 25. Nf3 Qg7 26. Qd2 Bg4 27. Rxe8 Rxe8 28. Nd4 Qf6 29. f3 Bd7 30. Kf2 Nf7 31. Ne2 Ne5 32. Re1 Qh4+ 33. Kf1 Nxf3 34. Bxh7+ Kh8 0-1


[Site "http://www.Chess.com"]

[Event "FIDE World Rapid Chess Championship 2021"]
[White "Faizrakhmanov, Ramil"]
[Black "Vokhidov, Shamsiddin"]
[WhiteFideId "24103209"]
[BlackFideId "14204223"]
[WhiteElo "2461"]
[BlackElo "2546"]
[Result "1/2-1/2"]
[Round "11"]
[TimeControl "900+10"]
[Date "2021.12.28"]
[WhiteClock "0:03:55"]
[BlackClock "0:03:43"]

1. d4 Nf6 2. c4 e6 3. Nf3 d5 4. Nc3 Bb4 5. Qa4+ Nc6 6. e3 O-O 7. Qc2 b6 8. Be2 Ba6 9. cxd5 Bxe2 10. Qxe2 exd5 11. Bd2 Re8 12. O-O a6 13. Rfc1 Qd7 14. a3 Bd6 15. b4 Ne7 16. b5 a5 17. a4 Ng6 18. Qd3 Re7 19. Rc2 Rae8 20. Bc1 Nf4 21. Qd1 Qf5 22. Ba3 Bxa3 23. Rxa3 g5 24. Ne5 Ng6 25. Nxg6 hxg6 26. Ne2 Ne4 1/2-1/2


[Site "http://www.Chess.com"]

[Event "FIDE World Rapid Chess Championship 2021"]
[White "Bartel, Mateusz"]
[Black "Mikhalevski, Victor"]
[WhiteFideId "1112635"]
[BlackFideId "2801914"]
[WhiteElo "2543"]
[BlackElo "2366"]
[Result "1/2-1/2"]
[Round "11"]
[TimeControl "900+10"]
[Date "2021.12.28"]
[WhiteClock "0:04:01"]
[BlackClock "0:01:43"]

1. e4 e5 2. Nf3 Nc6 3. Bb5 a6 4. Ba4 Nf6 5. Nc3 b5 6. Bb3 Bc5 7. Nd5 d6 8. c3 Na5 9. Bc2 Nxd5 10. exd5 Ba7 11. d4 Bb7 12. O-O Bxd5 13. dxe5 dxe5 14. Nxe5 O-O 15. Qg4 Re8 16. Bf4 Nc4 17. Nxc4 Bxc4 18. Rfe1 Qf6 19. Qg3 c6 20. h4 h6 21. Rad1 Bd5 22. Bb3 Bxb3 23. axb3 Qf5 24. Bxh6 Qxf2+ 25. Qxf2 Rxe1+ 26. Rxe1 Bxf2+ 27. Kxf2 gxh6 28. Rd1 Kg7 29. Rd6 c5 30. Rc6 Rd8 31. Ke2 Re8+ 32. Kf3 Rd8 33. Rxa6 Rd2 34. Rb6 b4 35. cxb4 cxb4 36. Rxb4 Rxb2 37. Rg4+ Kf6 38. Rf4+ Kg6 39. Rb4 h5 40. Rb5 Rd2 41. g3 Rd3+ 42. Kf4 f6 43. Rb8 Rd4+ 44. Ke3 Rd1 45. Rc8 Kf5 46. Rc4 Rb1 47. Rf4+ Ke5 48. Rb4 Kf5 49. Kf2 Rd1 50. Rf4+ Ke5 51. Rf3 Rd2+ 52. Ke1 Rg2 53. Kd1 f5 54. Kc1 Ke4 55. Rc3 Kd4 56. Rc4+ Ke5 57. Rc3 1/2-1/2


[Site "http://www.Chess.com"]

[Event "FIDE World Rapid Chess Championship 2021"]
[White "Dziuba, Marcin"]
[Black "Zvjaginsev, Vadim"]
[WhiteFideId "1112953"]
[BlackFideId "4113403"]
[WhiteElo "2424"]
[BlackElo "2539"]
[Result "0-1"]
[Round "11"]
[TimeControl "900+10"]
[Date "2021.12.28"]
[WhiteClock "0:04:03"]
[BlackClock "0:02:34"]

1. d4 d6 2. c4 e5 3. Nc3 exd4 4. Qxd4 Nc6 5. Qd2 a5 6. b3 Nf6 7. Bb2 Be6 8. e4 a4 9. Rd1 axb3 10. axb3 g6 11. Bd3 Bg7 12. Nge2 O-O 13. O-O Re8 14. Nd5 Ne5 15. Bb1 Bxd5 16. cxd5 Ned7 17. f3 Rc8 18. b4 Qe7 19. Nc3 Ne5 20. Ba2 Ned7 21. Rde1 c5 22. dxc6 bxc6 23. f4 Rb8 24. Kh1 Rxb4 25. e5 dxe5 26. fxe5 Rxb2 27. exf6 Qxe1 28. Bxf7+ Kxf7 29. Qxd7+ Re7 30. Qd3 Bxf6 0-1


[Site "http://www.Chess.com"]

[Event "FIDE World Rapid Chess Championship 2021"]
[White "Durarbayli, Vasif"]
[Black "Klimkowski, Jan"]
[WhiteFideId "13402935"]
[BlackFideId "21856222"]
[WhiteElo "2532"]
[BlackElo "2211"]
[Result "1-0"]
[Round "11"]
[TimeControl "900+10"]
[Date "2021.12.28"]
[WhiteClock "0:00:29"]
[BlackClock "0:00:55"]

1. e4 c5 2. Nf3 d6 3. d4 cxd4 4. Nxd4 Nf6 5. Nc3 a6 6. h4 e5 7. Nf5 Bxf5 8. exf5 d5 9. g4 Bb4 10. Bg2 Nc6 11. a3 Bxc3+ 12. bxc3 Qa5 13. O-O O-O-O 14. g5 Ne4 15. c4 Nc3 16. Qe1 d4 17. Bd2 Qc5 18. Bxc3 dxc3 19. Qxc3 Rd4 20. Qh3 Qxc4 21. f6+ Kc7 22. fxg7 Rg8 23. Rab1 Rxg7 24. Rfd1 Rg6 25. Rxd4 Qxd4 26. Qb3 b5 27. Qxf7+ Qd7 28. Qxd7+ Kxd7 29. Be4 Rg7 30. c4 Nd4 31. cxb5 axb5 32. a4 Ne2+ 33. Kg2 Nc3 34. Bf5+ Kd6 35. Rb3 Nxa4 36. Rxb5 h6 37. Rb4 Nc3 38. Rb6+ Kc5 39. Rxh6 Nd5 40. Kg3 Nf4 41. Kg4 Ra7 42. Be4 Kd4 43. Kf5 Nh3 44. Rd6+ Kc5 45. Rd5+ Kc4 46. f3 Rf7+ 47. Kxe5 Nf4 48. Rd2 Rf8 49. Rc2+ Kb5 50. g6 Nh5 51. Ke6 Rf4 52. Rc7 1-0


[Site "http://www.Chess.com"]

[Event "FIDE World Rapid Chess Championship 2021"]
[White "Klekowski, Maciej"]
[Black "Sindarov, Javokhir"]
[WhiteFideId "1132717"]
[BlackFideId "14205483"]
[WhiteElo "2528"]
[BlackElo "2353"]
[Result "0-1"]
[Round "11"]
[TimeControl "900+10"]
[Date "2021.12.28"]
[WhiteClock "0:00:57"]
[BlackClock "0:08:28"]

1. c4 g6 2. d4 c5 3. d5 Bg7 4. Nc3 Nf6 5. e4 d6 6. h3 O-O 7. Nf3 e6 8. Bd3 Nbd7 9. O-O e5 10. a3 h6 11. b4 Nh7 12. Qc2 b6 13. Rb1 Ndf6 14. bxc5 bxc5 15. Qa4 Ne8 16. Bd2 f5 17. Qc6 Bd7 18. Qa6 Bc8 19. Qc6 Bd7 20. Qa6 Rf7 21. Nb5 Bc8 22. Qa5 Qe7 23. Rb3 Qf8 24. Rfb1 Bf6 25. Nc3 Bg5 26. Nxg5 hxg5 27. Rb8 Rxb8 28. Rxb8 Bd7 29. Qxa7 g4 30. hxg4 fxg4 31. Be3 g3 32. Nd1 Nhf6 33. f3 g5 34. Qa5 Qh6 35. Qd2 Ng4 36. Rxe8+ Bxe8 37. Qe1 Qh2+ 38. Kf1 Rxf3+ 0-1


[Site "http://www.Chess.com"]

[Event "FIDE World Rapid Chess Championship 2021"]
[White "Vastrukhin, Oleg"]
[Black "Moroni, Luca Jr"]
[WhiteFideId "4192770"]
[BlackFideId "865834"]
[WhiteElo "2382"]
[BlackElo "2519"]
[Result "0-1"]
[Round "11"]
[TimeControl "900+10"]
[Date "2021.12.28"]
[WhiteClock "0:04:03"]
[BlackClock "0:05:23"]

1. Nf3 g6 2. d4 Bg7 3. e4 d6 4. Nc3 Nf6 5. Bg5 c6 6. Qd2 h6 7. Be3 d5 8. exd5 cxd5 9. Ne5 Nc6 10. Nxc6 bxc6 11. h3 Bf5 12. Be2 h5 13. b3 Qd7 14. f3 h4 15. Na4 Nh5 16. O-O-O Qd6 17. Nc5 O-O 18. Rhe1 a5 19. a4 Rfe8 20. Bd3 Bxd3 21. Qxd3 Ng3 22. c3 Nf5 23. f4 Rab8 24. Bd2 Rxb3 25. Kc2 Nxd4+ 26. cxd4 Rxd3 27. Kxd3 g5 28. f5 e5 29. fxe6 fxe6 0-1


[Site "http://www.Chess.com"]

[Event "FIDE World Rapid Chess Championship 2021"]
[White "Oparin, Grigoriy"]
[Black "Heberla, Bartlomiej"]
[WhiteFideId "24125890"]
[BlackFideId "1115120"]
[WhiteElo "2725"]
[BlackElo "2437"]
[Result "1/2-1/2"]
[Round "11"]
[TimeControl "900+10"]
[Date "2021.12.28"]
[WhiteClock "0:01:13"]
[BlackClock "0:03:04"]

1. d4 d5 2. c4 e6 3. Nf3 Nf6 4. g3 Be7 5. Bg2 O-O 6. Nc3 dxc4 7. Ne5 c5 8. dxc5 Qxd1+ 9. Nxd1 Bxc5 10. Nxc4 Nc6 11. Be3 Bb4+ 12. Nc3 Bd7 13. O-O-O Bxc3 14. bxc3 Nd5 15. Bc5 Rfd8 16. Kb2 b6 17. Ba3 Rab8 18. Nd6 Na5 19. c4 Nf6 20. Bb4 Bc6 21. f3 Nb7 22. e4 Nxd6 23. Bxd6 Ba4 24. Rd2 Rbc8 25. Rc1 Ne8 26. Bf4 e5 27. Be3 Rxd2+ 28. Bxd2 Nd6 29. Bf1 Bd7 30. Bb4 Nb7 31. f4 f6 32. fxe5 fxe5 33. Bc3 Re8 34. Bb4 Bc6 35. c5 Nxc5 36. Bxc5 bxc5 37. Rxc5 Bxe4 38. Rc7 Rb8+ 39. Kc3 Rb7 40. Rc5 Re7 41. Bc4+ Kf8 42. Rc8+ Re8 43. Rc7 Re7 44. Rc8+ 1/2-1/2


[Site "http://www.Chess.com"]

[Event "FIDE World Rapid Chess Championship 2021"]
[White "Harikrishna, Pentala"]
[Black "Jakubowski, Krzysztof"]
[WhiteFideId "5007003"]
[BlackFideId "1112848"]
[WhiteElo "2705"]
[BlackElo "2399"]
[Result "1-0"]
[Round "11"]
[TimeControl "900+10"]
[Date "2021.12.28"]
[WhiteClock "0:02:56"]
[BlackClock "0:01:30"]

1. e4 c5 2. Nf3 d6 3. Bb5+ Nd7 4. O-O Nf6 5. Re1 a6 6. Bxd7+ Bxd7 7. e5 dxe5 8. Nxe5 Be6 9. Nc3 g6 10. Qf3 Rb8 11. Nd3 Qc8 12. Nf4 Bg4 13. Qe3 Qc6 14. h3 Bf5 15. g4 g5 16. Qe5 Rd8 17. Qxf5 gxf4 18. d3 h5 19. g5 Rg8 20. Bxf4 h4 21. Re2 Rg6 22. Rae1 Nd5 23. Ne4 e6 24. Nf6+ Nxf6 25. Rxe6+ fxe6 26. Qxg6+ Kd7 27. Qf7+ Kc8 28. Qxf6 Re8 29. g6 1-0


[Site "http://www.Chess.com"]

[Event "FIDE World Rapid Chess Championship 2021"]
[White "Saraci, Nderim"]
[Black "Jumabayev, Rinat"]
[WhiteFideId "6351921"]
[BlackFideId "13702661"]
[WhiteElo "2414"]
[BlackElo "2562"]
[Result "1/2-1/2"]
[Round "11"]
[TimeControl "900+10"]
[Date "2021.12.28"]
[WhiteClock "0:00:22"]
[BlackClock "0:05:10"]

1. d4 Nf6 2. Nf3 e6 3. c4 b6 4. g3 Bb4+ 5. Bd2 c5 6. Bxb4 cxb4 7. Bg2 Bb7 8. O-O O-O 9. Nbd2 d6 10. Re1 Qe7 11. Qc2 Nbd7 12. a3 bxa3 13. Rxa3 a5 14. Rc3 Rac8 15. Qb3 e5 16. Qa3 Rfe8 17. Nxe5 dxe5 18. Qxe7 Rxe7 19. Bxb7 exd4 20. Bxc8 dxc3 21. bxc3 Nc5 22. Bf5 Na4 23. Nb1 Ne4 24. f3 Nexc3 25. Nxc3 Nxc3 26. Bd3 g6 27. Kf2 Kg7 28. Ra1 Kf6 29. Ke1 Ke5 30. e3 b5 31. Rxa5 Kd6 32. cxb5 Nd5 33. e4 Nb6 34. Kd2 Kc5 35. Ke3 f5 36. Ra1 fxe4 37. Rc1+ Kb4 38. fxe4 Nd5+ 39. Kd4 Nc3 40. Ke3 Re6 41. Rc2 Nd1+ 42. Kd2 Nf2 43. Rb2+ Kc5 44. Rc2+ Kb4 45. Ke3 Nd1+ 46. Kf4 Rd6 47. Be2 Nc3 48. Ke3 Re6 49. Bd3 Nd1+ 1/2-1/2


[Site "http://www.Chess.com"]

[Event "FIDE World Rapid Chess Championship 2021"]
[White "Cuenca Jimenez, Jose Fernando"]
[Black "Kobalia, Mikhail"]
[WhiteFideId "2255570"]
[BlackFideId "4119150"]
[WhiteElo "2421"]
[BlackElo "2543"]
[Result "0-1"]
[Round "11"]
[TimeControl "900+10"]
[Date "2021.12.28"]
[WhiteClock "0:00:39"]
[BlackClock "0:04:21"]

1. d4 d5 2. c4 c6 3. Nf3 Nf6 4. e3 Bf5 5. Nc3 e6 6. Bd3 Bxd3 7. Qxd3 Nbd7 8. O-O Bb4 9. Bd2 Ba5 10. a3 O-O 11. b4 Bc7 12. e4 dxc4 13. Qxc4 e5 14. Be3 exd4 15. Bxd4 Ng4 16. Rad1 Qe7 17. h3 Nde5 18. Nxe5 Nxe5 19. Qe2 Rfd8 20. Bc5 Qf6 21. f4 Rxd1 22. Nxd1 Ng6 23. g3 Nf8 24. Nf2 a5 25. b5 Qc3 26. Qe3 Qxe3 27. Bxe3 cxb5 28. Rb1 b4 29. axb4 a4 30. b5 Nd7 31. Kf1 a3 32. Ra1 Bb6 33. Bxb6 Nxb6 34. Ke2 h5 35. Nd3 Nc4 36. Kd1 Nd6 37. Kc2 Nxb5 38. Kb3 Nd4+ 39. Kc4 Ra4+ 40. Kc3 b5 41. Nb4 Rxb4 42. Kxb4 Nc2+ 0-1


[Site "http://www.Chess.com"]

[Event "FIDE World Rapid Chess Championship 2021"]
[White "Van Foreest, Lucas"]
[Black "Gagunashvili, Merab"]
[WhiteFideId "1039792"]
[BlackFideId "13601652"]
[WhiteElo "2374"]
[BlackElo "2538"]
[Result "0-1"]
[Round "11"]
[TimeControl "900+10"]
[Date "2021.12.28"]
[WhiteClock "0:08:03"]
[BlackClock "0:04:36"]

1. e4 e5 2. Nf3 Nc6 3. Bc4 Bc5 4. Nc3 Nf6 5. d3 h6 6. O-O O-O 7. Nd5 d6 8. c3 Nxd5 9. Bxd5 Ne7 10. Bb3 Ng6 11. d4 Bb6 12. dxe5 dxe5 13. Qxd8 Rxd8 14. h3 Bd7 15. Re1 Kf8 16. Nd2 Nf4 17. Bc2 Be6 18. Nf3 Ng6 19. b3 f6 20. a4 a5 21. Ba3+ Kf7 22. Rad1 Nf4 23. Kf1 h5 24. Bc1 g5 25. Bxf4 gxf4 26. Rxd8 Rxd8 27. Rd1 Rb8 28. Nd2 Bc5 29. Bd3 f3 30. Nxf3 Bxb3 31. Ra1 Rd8 32. Ke2 b6 33. Bb5 Rd6 34. Nd2 Be6 35. Nc4 Rd8 36. Ne3 Rg8 37. g3 h4 38. gxh4 Rh8 39. Nf5 Bxf5 40. exf5 Rxh4 41. Rd1 Bd6 42. Rd3 e4 43. Bc4+ Ke7 44. Re3 Bc5 45. Rg3 Rf4 46. Rg2 e3 47. Bb5 exf2 48. Kf1 Re4 49. Rg7+ Kf8 50. Rxc7 Re1+ 51. Kg2 Rg1+ 52. Kf3 f1=Q+ 53. Bxf1 Rxf1+ 54. Kg4 Rg1+ 55. Kf3 Rg3+ 56. Ke4 Rxh3 57. Rc8+ Kg7 58. Rc7+ Kh6 59. Rf7 Rh4+ 0-1


[Site "http://www.Chess.com"]

[Event "FIDE World Rapid Chess Championship 2021"]
[White "Blohberger, Felix"]
[Black "Christiansen, Johan-Sebastian"]
[WhiteFideId "1632051"]
[BlackFideId "1512668"]
[WhiteElo "2409"]
[BlackElo "2522"]
[Result "0-1"]
[Round "11"]
[TimeControl "900+10"]
[Date "2021.12.28"]
[WhiteClock "0:03:02"]
[BlackClock "0:03:56"]

1. d4 d5 2. Nf3 Nf6 3. Bf4 c5 4. e3 Nc6 5. Nbd2 cxd4 6. exd4 Bf5 7. Bb5 Qb6 8. c4 a6 9. Bxc6+ bxc6 10. Qa4 Nd7 11. O-O f6 12. Rfe1 g5 13. Bd6 Kf7 14. Ba3 h5 15. Nf1 Qb7 16. Ne3 Bg6 17. Rac1 e6 18. Bxf8 Rhxf8 19. Rc3 Rfc8 20. Rec1 Kg7 21. Qa3 Bf7 22. Qe7 Re8 23. Qd6 Nf8 24. cxd5 cxd5 25. Rc7 Qxb2 26. h4 Rad8 27. Qxa6 g4 28. Qa7 Rd7 29. Rxd7 Qxc1+ 0-1


[Site "http://www.Chess.com"]

[Event "FIDE World Rapid Chess Championship 2021"]
[White "Michalik, Peter"]
[Black "Erigaisi, Arjun"]
[WhiteFideId "14907526"]
[BlackFideId "35009192"]
[WhiteElo "2515"]
[BlackElo "2397"]
[Result "1/2-1/2"]
[Round "11"]
[TimeControl "900+10"]
[Date "2021.12.28"]
[WhiteClock "0:02:25"]
[BlackClock "0:00:00"]

1. e4 c5 2. Nf3 d6 3. d4 cxd4 4. Nxd4 Nf6 5. Nc3 g6 6. Be3 Bg7 7. f3 O-O 8. Qd2 Nc6 9. O-O-O d5 10. exd5 Nxd5 11. Nxc6 bxc6 12. Bd4 e5 13. Bc5 Re8 14. Ne4 Qc7 15. h4 h6 16. h5 g5 17. Bc4 Be6 18. Bd6 Qb6 19. Bc5 Qc7 20. g4 Red8 21. Qf2 a5 22. a4 Rab8 23. Rd3 f5 24. gxf5 Bxf5 25. Rb3 Rxb3 26. Bxb3 Kh8 27. Kb1 Bh7 28. Ka2 Qf7 29. Qg3 Qf5 30. Re1 Bg8 31. Qg4 Qf7 32. Ka1 Rb8 33. Nd6 Qe7 34. Ne4 Qd8 35. Qf5 Qe8 36. Qg4 Be6 37. Qg3 Qxh5 38. Bd6 Rxb3 39. cxb3 Nf4 40. Nc5 Bd5 41. Bxe5 Bxe5 42. Rxe5 Bxf3 43. Qe1 Ne2 44. Qd2 Qh1+ 45. Ka2 Nc1+ 46. Ka3 Nd3 47. Re8+ Kg7 48. Qc3+ Kf7 49. Rf8+ Kxf8 50. Qf6+ Kg8 51. Qg6+ Kh8 52. Qf6+ Kg8 53. Qg6+ Kh8 54. Qf6+ Kg8 1/2-1/2


[Site "http://www.Chess.com"]

[Event "FIDE World Rapid Chess Championship 2021"]
[White "Lima, Darcy"]
[Black "Teclaf, Pawel"]
[WhiteFideId "2100045"]
[BlackFideId "1185934"]
[WhiteElo "2505"]
[BlackElo "2345"]
[Result "1/2-1/2"]
[Round "11"]
[TimeControl "900+10"]
[Date "2021.12.28"]
[WhiteClock "0:00:30"]
[BlackClock "0:00:36"]

1. d4 e6 2. Nf3 c5 3. g3 Qa5+ 4. Nc3 Nf6 5. Bg2 d5 6. O-O Nc6 7. e4 dxe4 8. Ne5 Nxd4 9. Nxe4 Qc7 10. Nc4 Nxe4 11. Bxe4 Bd7 12. Bf4 Qc8 13. c3 Bc6 14. Bxc6+ Nxc6 15. Qh5 g6 16. Qe2 Be7 17. Nd6+ Bxd6 18. Bxd6 f6 19. Bxc5 Kf7 20. Rad1 Rd8 21. Qe4 Qc7 22. Be3 Rxd1 23. Rxd1 Rd8 24. Re1 Qe5 25. Qh4 h5 26. Qc4 Rd7 27. a4 Qd5 28. Qxd5 Rxd5 29. Kf1 a6 30. Ke2 e5 31. f3 Ke6 32. b4 g5 33. h3 Ne7 34. g4 Rd7 35. c4 Nc6 36. b5 Nd4+ 1/2-1/2


[Site "http://www.Chess.com"]

[Event "FIDE World Rapid Chess Championship 2021"]
[White "Bellahcene, Bilel"]
[Black "Nguyen, Thai Dai Van"]
[WhiteFideId "696358"]
[BlackFideId "358878"]
[WhiteElo "2397"]
[BlackElo "2488"]
[Result "1-0"]
[Round "11"]
[TimeControl "900+10"]
[Date "2021.12.28"]
[WhiteClock "0:02:31"]
[BlackClock "0:02:54"]

1. e4 e5 2. Nc3 Nf6 3. d4 exd4 4. Qxd4 Nc6 5. Qd3 d5 6. Bf4 dxe4 7. Qxd8+ Nxd8 8. Bxc7 Ne6 9. Be5 Ng4 10. Bg3 f5 11. Bb5+ Bd7 12. Bxd7+ Kxd7 13. h3 Nf6 14. O-O-O Kc6 15. Nge2 Bc5 16. Na4 Be7 17. Nd4+ Nxd4 18. Rxd4 b5 19. Nc3 Bc5 20. Ne2 Rad8 21. Be5 Bxd4 22. Nxd4+ Kd7 23. Nxb5 Ke6 24. Bc3 f4 25. Re1 Rhg8 26. Nxa7 Ra8 27. Nb5 Rxa2 28. Kb1 Raa8 29. Nc7+ Kf5 30. Nxa8 Rxa8 31. g4+ fxg3 32. fxg3 Nd5 33. Bxg7 h5 34. Bd4 Rg8 35. Rf1+ Ke6 36. Re1 Kf5 37. c4 Nb4 38. Rf1+ Ke6 39. Rf4 Rxg3 40. Rxe4+ Kd7 41. Bc3 Nd3 42. h4 Nf2 43. Re5 Rg4 44. Rxh5 Rxc4 45. Rh8 Ne4 46. Kc2 Rc6 47. h5 Ng5 48. Rg8 Nf7 49. Rg6 Rc5 50. h6 Rh5 51. Rg7 Ke6 52. h7 Ne5 53. Ra7 Rh2+ 54. Kb3 Rh3 55. Ka2 Nc6 56. Ra6 Kd5 57. Rxc6 Rxh7 58. Ra6 Kc4 59. Rd6 Ra7+ 60. Kb1 Rh7 61. Rd4+ Kb5 62. Kc2 Rh2+ 63. Rd2 Rh5 64. Kb3 Rf5 65. Re2 Rf4 66. Re5+ Kc6 67. Rg5 Kb6 68. Bd2 Rh4 69. Kc3 Kc6 70. b4 Rh3+ 71. Kc4 Rh4+ 72. Kb3 Kb6 73. Be3+ Kc6 74. b5+ Kc7 75. Bc5 Rh7 76. Re5 Rh3+ 77. Re3 Rh4 78. Re7+ Kc8 79. Rf7 Rh1 80. Kc4 Rh5 81. b6 Rh6 82. Kb5 1-0


[Site "http://www.Chess.com"]

[Event "FIDE World Rapid Chess Championship 2021"]
[White "Szpar, Milosz"]
[Black "Zilka, Stepan"]
[WhiteFideId "1184989"]
[BlackFideId "315303"]
[WhiteElo "2315"]
[BlackElo "2474"]
[Result "1/2-1/2"]
[Round "11"]
[TimeControl "900+10"]
[Date "2021.12.28"]
[WhiteClock "0:02:07"]
[BlackClock "0:10:11"]

1. e4 e5 2. Nf3 Nc6 3. Bb5 Nf6 4. O-O Nxe4 5. Re1 Nd6 6. Nxe5 Be7 7. Bf1 Nf5 8. Nf3 Ncd4 9. Nxd4 Nxd4 10. c3 Ne6 11. d4 d5 12. Nd2 O-O 13. Nf3 c6 14. Bd3 Re8 15. Ne5 Nf8 16. Qh5 Be6 17. Nf3 Qd7 18. Ng5 Bxg5 19. Bxg5 Bf5 20. Bf1 Rxe1 21. Rxe1 Re8 22. Rxe8 Qxe8 23. Qe2 Qe6 24. Bf4 h6 25. Bb8 a6 26. Qxe6 Nxe6 27. f3 Bb1 28. a3 a5 29. Kf2 a4 30. Ke3 b5 31. h4 g5 32. g3 f5 33. Bh3 Kf7 34. hxg5 hxg5 35. Be5 Kg6 1/2-1/2


[Site "http://www.Chess.com"]

[Event "FIDE World Rapid Chess Championship 2021"]
[White "Wieczorek, Oskar"]
[Black "Janik, Igor"]
[WhiteFideId "1133950"]
[BlackFideId "1159259"]
[WhiteElo "2367"]
[BlackElo "2462"]
[Result "1-0"]
[Round "11"]
[TimeControl "900+10"]
[Date "2021.12.28"]
[WhiteClock "0:01:23"]
[BlackClock "0:01:38"]

1. e4 c6 2. d4 d5 3. Nd2 dxe4 4. Nxe4 Bf5 5. Ng3 Bg6 6. c3 e6 7. Nh3 Bd6 8. Nf4 Qc7 9. Qf3 Nf6 10. h4 Nbd7 11. h5 Bc2 12. h6 gxh6 13. Ngh5 Nxh5 14. Rxh5 e5 15. Bd3 Bxd3 16. Nxd3 O-O-O 17. dxe5 Nxe5 18. Nxe5 Bxe5 19. Bxh6 f6 20. Be3 Qa5 21. Kf1 Qb5+ 22. Qe2 Qa4 23. g3 Rd7 24. Rh4 Qa5 25. Kg2 Rg8 26. Qf3 Rdg7 27. Qf5+ Kb8 28. Qf3 Qb5 29. Rb4 Qa5 30. a4 h5 31. Rd1 Rg4 32. Rxg4 hxg4 33. Qe4 Qc7 34. Qf5 c5 35. Qe6 Qh7 36. Qd5 b6 37. Rh1 Qb7 38. Qxb7+ Kxb7 39. Rh7+ Ka6 40. Kf1 c4 41. Ke2 Ra8 42. Rg7 Ka5 43. Rxg4 Rc8 44. Rg7 Bb8 45. Kd2 Kxa4 46. Kc2 Kb5 47. Rf7 Rc6 48. Bd4 Re6 49. Kd2 Ka4 50. Rxf6 Re8 51. g4 Rg8 52. f3 Kb3 53. Rf5 Kxb2 54. g5 Rg6 55. Rb5+ Ka3 56. Ke3 Re6+ 57. Kf2 Bf4 58. Rf5 Bd2 59. Rf6 Re7 60. g6 Kb3 61. f4 Be1+ 62. Kf3 Bxc3 63. Bxc3 Kxc3 64. Rf7 Re1 65. Kf2 Re8 66. g7 Rg8 67. f5 Kb2 68. f6 c3 69. Rxa7 c2 70. Rc7 b5 71. f7 Rxg7 72. Rxc2+ Kxc2 73. f8=Q Rg5 74. Qb4 Kd3 75. Qb3+ Ke4 76. Qe3+ Kf5 77. Kf3 Kf6 78. Qb6+ Ke7 79. Kf4 Rd5 80. Ke4 Rh5 81. Qg6 Rc5 82. Kd4 Rc7 83. Kd5 Kd8 84. Qb6 Kc8 85. Qxb5 Rb7 86. Qe8+ Kc7 87. Kc5 Ra7 88. Qe7+ Kb8 89. Qd8+ Kb7 90. Kb5 1-0


[Site "http://www.Chess.com"]

[Event "FIDE World Rapid Chess Championship 2021"]
[White "Nevednichy, Vladislav"]
[Black "Dvirnyy, Danyyil"]
[WhiteFideId "1205730"]
[BlackFideId "817570"]
[WhiteElo "2425"]
[BlackElo "2550"]
[Result "1-0"]
[Round "11"]
[TimeControl "900+10"]
[Date "2021.12.28"]
[WhiteClock "0:01:38"]
[BlackClock "0:00:29"]

1. e4 e5 2. Nf3 Nc6 3. d3 Nf6 4. g3 d5 5. exd5 Nxd5 6. Bg2 g6 7. O-O Bg7 8. Re1 O-O 9. c3 h6 10. a4 a5 11. Na3 b6 12. Nb5 Bb7 13. Bd2 Re8 14. Qb3 Qd7 15. Rad1 Rad8 16. Bc1 Ba8 17. Qc4 Nde7 18. h4 Nf5 19. Nd2 Nd6 20. Nxd6 cxd6 21. Bd5 Rc8 22. Ne4 Nd8 23. Qb3 Bxd5 24. Qxd5 Re6 25. Be3 f5 26. Nd2 Qc6 27. c4 Rb8 28. Qb5 Kh7 29. Nb1 Qf3 30. Qd5 Qh5 31. Kg2 f4 32. Bd2 Rf6 33. Nc3 Ne6 34. Ne4 Rbf8 35. Nxf6+ Rxf6 36. Qf3 Qxf3+ 37. Kxf3 fxg3+ 38. Kxg3 Nc5 39. Be3 Nxa4 40. b3 Nc5 41. Bxc5 bxc5 42. Ra1 Rf4 43. Re4 Bf6 44. Kg2 Bxh4 45. Rxf4 exf4 46. Rxa5 Bf6 47. Ra7+ Kg8 48. Kf3 Be5 49. Rd7 h5 50. d4 Bxd4 51. Kxf4 Bxf2 52. Kg5 Bg3 53. Kxg6 Kf8 54. Kxh5 Ke8 55. Rb7 Kd8 56. Kg4 Bh2 57. Kf5 Kc8 58. Rh7 Bg3 59. Ke4 1-0


[Site "http://www.Chess.com"]

[Event "FIDE World Rapid Chess Championship 2021"]
[White "Postny, Evgeny"]
[Black "Sadzikowski, Daniel"]
[WhiteFideId "2804344"]
[BlackFideId "1132253"]
[WhiteElo "2454"]
[BlackElo "2414"]
[Result "1-0"]
[Round "11"]
[TimeControl "900+10"]
[Date "2021.12.28"]
[WhiteClock "0:00:45"]
[BlackClock "0:00:12"]

1. d4 Nf6 2. Nf3 d5 3. c4 e6 4. g3 Be7 5. Bg2 O-O 6. Qc2 Nbd7 7. O-O c6 8. b3 b6 9. Rd1 a5 10. Nc3 Ba6 11. Nd2 b5 12. e4 bxc4 13. bxc4 dxc4 14. Na4 c5 15. d5 exd5 16. exd5 Ne5 17. Bb2 Bd6 18. Rab1 Rb8 19. Bxe5 Bxe5 20. Rxb8 Qxb8 21. Nxc5 Bb5 22. Rb1 Rc8 23. Nce4 a4 24. Nc3 Bxc3 25. Qxc3 Qb6 26. Nf1 Ng4 27. Rb2 a3 28. Re2 Bd7 29. h3 Nf6 30. Ne3 Qc5 31. Rd2 Qb6 32. Rc2 Qb1+ 33. Kh2 Ba4 34. Rd2 h5 35. d6 Bd7 36. Qxa3 c3 37. Rc2 Qe1 38. Qc1 Qxc1 39. Rxc1 Ba4 40. g4 hxg4 41. hxg4 Kf8 42. g5 Ne8 43. Nd5 Bd7 44. Nb6 Rd8 45. Rxc3 Nxd6 46. Rd3 Bf5 47. Rd4 Ke7 48. a4 Rh8+ 49. Kg1 Bc8 50. a5 Ba6 51. Nd5+ Kd7 52. Nb4 Bb5 53. a6 1-0


[Site "http://www.Chess.com"]

[Event "FIDE World Rapid Chess Championship 2021"]
[White "Carlsson, Pontus"]
[Black "Thybo, Jesper Sondergaard"]
[WhiteFideId "1705814"]
[BlackFideId "1438832"]
[WhiteElo "2436"]
[BlackElo "2401"]
[Result "0-1"]
[Round "11"]
[TimeControl "900+10"]
[Date "2021.12.28"]
[WhiteClock "0:01:19"]
[BlackClock "0:02:50"]

1. e4 c5 2. Nf3 d6 3. Bb5+ Nd7 4. d4 cxd4 5. Qxd4 a6 6. Bxd7+ Bxd7 7. Nc3 e6 8. Bg5 f6 9. Be3 Ne7 10. O-O-O Nc6 11. Qb6 Qxb6 12. Bxb6 Rc8 13. Nd2 Ne5 14. f4 Nc4 15. Nxc4 Rxc4 16. Rhe1 Be7 17. Rd3 Kf7 18. f5 exf5 19. exf5 Bxf5 20. Rde3 Bf8 21. R1e2 d5 22. Nxd5 Bd6 23. h3 h5 24. b3 Rc6 25. c4 Be6 26. Bc7 Ba3+ 0-1


[Site "http://www.Chess.com"]

[Event "FIDE World Rapid Chess Championship 2021"]
[White "Krasenkow, Michal"]
[Black "Kanarek, Marcel"]
[WhiteFideId "1113100"]
[BlackFideId "1126822"]
[WhiteElo "2430"]
[BlackElo "2296"]
[Result "0-1"]
[Round "11"]
[TimeControl "900+10"]
[Date "2021.12.28"]
[WhiteClock "0:05:51"]
[BlackClock "0:00:19"]

1. c4 c6 2. Nf3 Nf6 3. Nc3 d5 4. e3 e6 5. b3 Bd6 6. Bb2 O-O 7. Qc2 Nbd7 8. O-O-O e5 9. cxd5 cxd5 10. Nb5 Bb8 11. Ba3 Re8 12. Kb1 Re6 13. Rc1 Rc6 14. Qb2 Rxc1+ 15. Kxc1 a6 16. Nd6 Ne4 17. Nxe4 dxe4 18. Ne1 b5 19. d3 a5 20. Qe2 b4 21. Bb2 Ba6 22. Qg4 Nf6 23. Qd1 Ra7 24. d4 Bxf1 25. Rxf1 Nd5 26. dxe5 Rd7 27. Qg4 Nc3 28. Bxc3 h5 29. Qxh5 bxc3 30. Nc2 Rd2 31. Rd1 Qd3 32. Ne1 Qd5 33. Nc2 Bxe5 34. Nd4 Bd6 0-1


[Site "http://www.Chess.com"]